[Event "December 19 Early 2023"]
[Site "https://www.chess.com"]
[Date "2023.12.19"]
[Round "8"]
[White "Rose, Felix"]
[Black "Zhuk, Valeriy"]
[Result "0-1"]
[Board "151"]
[TimeControl "180+1"]
[WhiteFideId "5105722"]
[BlackFideId "24151254"]
[WhiteElo "2039"]
[BlackElo "2148"]
[WhiteTeam "MEX"]
[BlackTeam "RUS"]
[WhiteClock "0:00:08"]
[BlackClock "0:00:03"]

1. e4 c5 2. Nf3 e6 3. d4 cxd4 4. Nxd4 Nf6 5. Nc3 Nc6 6. Ndb5 Bb4 7. a3 Bxc3+ 8. Nxc3 d5 9. exd5 exd5 10. Bd3 O-O 11. O-O Bg4 12. f3 Qb6+ 13. Kh1 Bh5 14. Bg5 Ne4 15. Nxe4 dxe4 16. Bxe4 Qxb2 17. Rb1 Qxa3 18. Rxb7 Rac8 19. Qd7 Qa6 20. Rfb1 Bg6 21. Bxc6 Qxc6 22. Qxc6 Rxc6 23. Rxa7 Rxc2 24. Rc1 h6 25. Rxc2 Bxc2 26. Be7 Rb8 27. h4 Rb1+ 28. Kh2 Rb2 29. Ra8+ Kh7 30. Ra7 Bd3 31. Kg1 Rb1+ 32. Kf2 Rb2+ 33. Kg1 Kg6 34. Bc5 Bc4 35. Bd4 Rb1+ 36. Kf2 Rd1 37. Be3 Rb1 38. Rc7 Rb2+ 39. Kg3 Bf1 40. Rc1 Rxg2+ 41. Kf4 Bd3 42. Rc6+ f6 43. Rc7 h5 44. Bd4 Kh6 45. Ke3 Bf5 46. Rc1 Rh2 47. Kf4 Rxh4+ 48. Kxf5 Rxd4 49. Rg1 Rd5+ 50. Kf4 g5+ 51. Kg3 h4+ 52. Kh3 f5 53. Re1 Rd3 54. Re7 Rxf3+ 55. Kh2 g4 56. Re6+ Kg5 57. Re8 h3 58. Rg8+ Kf4 59. Kg1 Ra3 60. Rc8 Ra1+ 61. Kh2 Ra2+ 62. Kg1 g3 63. Rc4+ Kf3 64. Rc3+ Kg4 65. Rc1 h2+ 66. Kh1 Kh3 67. Rg1 hxg1=Q+ 68. Kxg1 Ra1# 0-1

[Event "December 19 Early 2023"]
[Site "https://www.chess.com"]
[Date "2023.12.19"]
[Round "8"]
[White "Tarasova, Viktoriya"]
[Black "Cramling Bellon, Anna"]
[Result "1-0"]
[Board "152"]
[TimeControl "180+1"]
[WhiteFideId "4175840"]
[BlackFideId "32009232"]
[WhiteElo "2182"]
[BlackElo "1976"]
[WhiteTeam "RUS"]
[BlackTeam "SWE"]
[WhiteClock "0:01:53"]
[BlackClock "0:00:00"]

1. d4 Nf6 2. c4 e6 3. Nc3 d5 4. cxd5 exd5 5. Bg5 Be7 6. Qc2 c6 7. e3 Bg4 8. Bd3 Nbd7 9. f3 Bh5 10. Nge2 Bg6 11. e4 dxe4 12. fxe4 Ng4 13. Bf4 Bg5 14. Qd2 h6 15. O-O O-O 16. h3 Nge5 17. dxe5 Nxe5 18. Bxg5 hxg5 19. Rad1 Qb6+ 20. Kh1 Rad8 21. Qc2 g4 22. Nf4 gxh3 23. gxh3 Bh7 24. Qf2 Qc7 25. Rg1 g6 26. Bc2 1-0

[Event "December 19 Early 2023"]
[Site "https://www.chess.com"]
[Date "2023.12.19"]
[Round "8"]
[White "Petrova, Irina"]
[Black "UnTucopalaTimba"]
[Result "1-0"]
[Board "153"]
[TimeControl "180+1"]
[WhiteFideId "14124122"]
[WhiteElo "2085"]
[BlackElo "2066"]
[WhiteTeam "UKR"]
[WhiteClock "0:02:06"]
[BlackClock "0:01:15"]

1. e4 c6 2. d4 d5 3. Nc3 dxe4 4. Nxe4 Bf5 5. Ng3 Bg6 6. h4 h6 7. Nf3 Nd7 8. h5 Bh7 9. Bd3 Bxd3 10. Qxd3 e6 11. Bd2 Ngf6 12. O-O-O Be7 13. Kb1 O-O 14. Rhe1 Rc8 15. Ne4 c5 16. dxc5 Nxc5 17. Nxc5 Rxc5 18. Qe2 Qc7 19. Be3 Rxh5 20. Nd4 a6 21. g4 Rd5 22. c4 Rdd8 23. g5 hxg5 24. Bxg5 Qc5 25. Be3 Qa5 26. Rh1 Bc5 27. Nb3 Rxd1+ 28. Qxd1 Qb4 29. Bxc5 Qxc4 30. Bxf8 Kxf8 31. Qd8+ Ne8 32. Rh8# 1-0

[Event "December 19 Early 2023"]
[Site "https://www.chess.com"]
[Date "2023.12.19"]
[Round "8"]
[White "Golubenko, Valentina"]
[Black "Sanchez Alvares, Kelvin Antonio"]
[Result "0-1"]
[Board "154"]
[TimeControl "180+1"]
[WhiteFideId "4501993"]
[BlackFideId "3906680"]
[WhiteElo "2126"]
[BlackElo "2217"]
[WhiteTeam "CRO"]
[BlackTeam "VEN"]
[WhiteClock "0:00:00"]
[BlackClock "0:00:02"]

1. d4 d5 2. g3 Nf6 3. Bg2 c6 4. Nd2 Bf5 5. c4 e6 6. Ngf3 Nbd7 7. O-O h6 8. Re1 Bd6 9. Nh4 Bh7 10. e4 dxe4 11. Nxe4 Nxe4 12. Bxe4 Bxe4 13. Rxe4 Nf6 14. Re1 O-O 15. Nf3 c5 16. dxc5 Bxc5 17. Be3 Qb6 18. Bxc5 Qxc5 19. Qe2 Rfd8 20. a3 a5 21. Rac1 Rd6 22. Qe5 Qxe5 23. Rxe5 Nd7 24. Rb5 b6 25. b4 axb4 26. axb4 Rc8 27. Kg2 Rdc6 28. Rd1 Nf6 29. Ne5 R6c7 30. Rxb6 Kf8 31. c5 Nd5 32. Rb5 Nc3 33. Ra5 Nxd1 34. c6 Nc3 35. b5 Nd5 36. Nd7+ Ke7 37. Ra6 Rxd7 38. cxd7 Kxd7 39. Ra7+ Rc7 40. Ra6 Rb7 41. Ra5 Kd6 42. Kf3 Kc5 43. Ke4 Rxb5 44. Ra7 Kd6 45. Rxf7 Nf6+ 46. Ke3 Re5+ 47. Kd3 Rd5+ 48. Ke3 Ne8 0-1

[Event "December 19 Early 2023"]
[Site "https://www.chess.com"]
[Date "2023.12.19"]
[Round "8"]
[White "Dwilewicz, Katarzyna"]
[Black "Kowalysko, Roman"]
[Result "1-0"]
[Board "155"]
[TimeControl "180+1"]
[WhiteFideId "1148486"]
[BlackFideId "30918510"]
[WhiteElo "2098"]
[BlackElo "2271"]
[WhiteTeam "POL"]
[BlackTeam "USA"]
[WhiteClock "0:01:00"]
[BlackClock "0:00:00"]

1. e4 c5 2. c3 Nf6 3. e5 Nd5 4. d4 cxd4 5. Bc4 Nb6 6. Bb3 d3 7. Qxd3 Nc6 8. Nf3 g6 9. Bf4 Bg7 10. h4 e6 11. Nbd2 h5 12. O-O-O a5 13. a4 Rb8 14. Ne4 O-O 15. Rhe1 Na8 16. Bg5 Qb6 17. Ned2 Nc7 18. Re2 Qa6 19. Bc4 b5 20. axb5 Nxb5 21. Kc2 a4 22. Ra1 Nca7 23. Re4 Qb7 24. Bxb5 Nxb5 25. Rexa4 Nd4+ 26. Nxd4 Qxb2+ 27. Kd1 Bxe5 28. Rb1 Qa3 29. Rxa3 1-0

[Event "December 19 Early 2023"]
[Site "https://www.chess.com"]
[Date "2023.12.19"]
[Round "8"]
[White "Ovezdurdyyeva, Jemal"]
[Black "Player, Edmund C"]
[Result "1-0"]
[Board "156"]
[TimeControl "180+1"]
[WhiteFideId "14001888"]
[BlackFideId "406520"]
[WhiteElo "2086"]
[BlackElo "2015"]
[WhiteTeam "TKM"]
[BlackTeam "ENG"]
[WhiteClock "0:00:25"]
[BlackClock "0:00:07"]

1. e4 c6 2. d4 d5 3. Nd2 dxe4 4. Nxe4 Bf5 5. Ng3 Bg6 6. Nf3 Nd7 7. Bd3 Bxd3 8. Qxd3 Ngf6 9. O-O e6 10. c4 Be7 11. Rd1 Qb6 12. Be3 Rd8 13. d5 Nc5 14. Qc3 Qc7 15. Bxc5 Bxc5 16. dxe6 fxe6 17. Ng5 Rxd1+ 18. Rxd1 Qe7 19. Re1 Bxf2+ 20. Kxf2 Qc5+ 21. Kf1 Qxg5 22. Rxe6+ Kf7 23. Qe1 Rd8 24. Re3 Ng4 25. Rf3+ Kg8 26. Kg1 Qc5+ 27. Kh1 Rf8 28. Rxf8+ Kxf8 29. h3 Nf2+ 30. Kh2 Nd3 31. Qf1+ Ke7 32. Qxd3 Qe5 33. Qe4 Kd6 34. Qxe5+ Kxe5 35. Nh5 Kd4 36. Nxg7 Kxc4 37. Ne6 Kd3 38. Nd8 Kc2 39. Nxb7 Kxb2 40. a4 Kb3 41. a5 Kb4 42. Kg3 c5 43. Kf2 c4 44. Ke2 Kb3 45. Kd1 Kb2 46. Nc5 c3 47. Nd3+ Kb3 48. Kc1 Kc4 49. Nf4 Kb5 50. Kc2 Kxa5 51. Kxc3 Kb5 52. Ne6 Kc6 53. Nf8 h6 54. Ng6 Kd5 55. Ne7+ Ke4 56. Ng8 h5 57. Nf6+ Kf4 58. Nxh5+ Kg5 59. Ng3 Kh4 60. Nf1 a5 61. Kb3 a4+ 62. Kxa4 1-0

[Event "December 19 Early 2023"]
[Site "https://www.chess.com"]
[Date "2023.12.19"]
[Round "8"]
[White "Rodriguez Santiago, Jaime"]
[Black "Marchesich, Giovanni"]
[Result "0-1"]
[Board "157"]
[TimeControl "180+1"]
[WhiteFideId "3100898"]
[BlackFideId "2824790"]
[WhiteElo "2025"]
[BlackElo "2198"]
[WhiteTeam "PUR"]
[BlackTeam "ITA"]
[WhiteClock "0:00:07"]
[BlackClock "0:00:11"]

1. d4 e6 2. c4 b6 3. Nc3 Bb7 4. a3 g6 5. e4 Bg7 6. Nf3 d6 7. Be2 Ne7 8. O-O Nd7 9. Be3 a6 10. b4 O-O 11. Qd2 Nf6 12. Bd3 Ng4 13. Bg5 h6 14. Bxe7 Qxe7 15. h3 Nf6 16. d5 e5 17. Rfc1 Nh5 18. Ne2 f5 19. Rab1 Bc8 20. c5 bxc5 21. bxc5 dxc5 22. Qe3 Nf4 23. Nxf4 exf4 24. Qxc5 Qe8 25. exf5 Bxf5 26. Bxf5 Rxf5 27. Re1 Qf8 28. Qxc7 Rc8 29. Qb6 Rxd5 30. Qxg6 Kh8 31. Rb7 Rd6 32. Qb1 Rcd8 33. Nh4 Qf6 34. Nf5 R6d7 35. Rxd7 Rxd7 36. Re8+ Bf8 37. Kh2 Rf7 38. Nxh6 Qxh6 39. Qb2+ Qg7 40. Qb3 Re7 41. Rb8 Qf6 42. Qf3 Rg7 43. Qh5+ Kg8 44. Qf3 Qe5 45. Qb3+ Rf7 46. f3 Qg5 47. Rxf8+ Kxf8 48. Qb8+ Kg7 49. Qb2+ Qf6 50. Qd2 Qg6 51. Qb2+ Kh7 52. Qd2 Qg3+ 53. Kg1 Rg7 54. Qd3+ Kh8 55. Qc2 Rg6 56. Qc8+ Kh7 57. Qc2 Kh6 58. h4 Qe1+ 59. Kh2 Qxh4+ 60. Kg1 Qg3 61. Kf1 Qg5 62. Kg1 Qg3 63. Kf1 Kg7 64. Qc3+ Kh7 65. Qc2 Kh8 66. Qc8+ Rg8 67. Qc2 Qg6 68. Qc3+ Qg7 69. Qc2 Qa1+ 70. Kf2 Qd4+ 71. Kf1 Qe5 72. Kg1 Re8 73. Kh2 Qh5+ 74. Kg1 Qe5 75. Kh2 Re7 76. Qc8+ Kg7 77. Qg4+ Kf6 78. Qh4+ Ke6 79. Qh6+ Kd5 80. Qxa6 Rh7+ 81. Kg1 Qe1+ 82. Qf1 Rh1+ 83. Kxh1 Qxf1+ 84. Kh2 Qa6 85. a4 Qxa4 86. Kh3 Qd4 87. Kg4 Ke5 88. Kh3 Qe3 89. g3 fxg3 90. Kh4 Kf5 91. Kh3 Qe5 92. Kg2 Kf4 93. Kh3 Qh5+ 94. Kg2 Qh2+ 0-1

[Event "December 19 Early 2023"]
[Site "https://www.chess.com"]
[Date "2023.12.19"]
[Round "8"]
[White "Franchini, Gabriele"]
[Black "Leve, Nitai"]
[Result "0-1"]
[Board "158"]
[TimeControl "180+1"]
[WhiteFideId "806790"]
[BlackFideId "2006898"]
[WhiteElo "2215"]
[BlackElo "2144"]
[WhiteTeam "ITA"]
[BlackTeam "USA"]
[WhiteClock "0:00:35"]
[BlackClock "0:00:26"]

1. e4 c6 2. d4 d5 3. exd5 cxd5 4. Bd3 Nc6 5. c3 Nf6 6. Bf4 Bg4 7. Qb3 Qb6 8. h3 Bh5 9. Qxb6 axb6 10. Na3 e6 11. Nb5 Kd7 12. Ne2 Be7 13. O-O Ra5 14. a4 Rha8 15. b3 Ne4 16. Bxe4 Bxe2 17. Nc7 Bxf1 18. Bc2 Rc8 19. Kxf1 Rxc7 20. Bxc7 Kxc7 21. Bxh7 g6 22. Bg8 Nd8 23. g3 Kd7 24. Re1 Ke8 25. c4 dxc4 26. bxc4 Kf8 27. Bh7 Kg7 28. d5 Kxh7 0-1

[Event "December 19 Early 2023"]
[Site "https://www.chess.com"]
[Date "2023.12.19"]
[Round "8"]
[White "Bon, Michael"]
[Black "De Souza, Cristiano Gomes"]
[Result "1-0"]
[Board "159"]
[TimeControl "180+1"]
[WhiteFideId "620696"]
[BlackFideId "2151758"]
[WhiteElo "2355"]
[BlackElo "2068"]
[WhiteTeam "FRA"]
[BlackTeam "BRA"]
[WhiteClock "0:00:15"]
[BlackClock "0:00:00"]

1. e4 c5 2. c3 d6 3. d4 Nf6 4. Bd3 Qc7 5. Nf3 Nbd7 6. O-O g6 7. Re1 Bg7 8. Na3 a6 9. Bg5 h6 10. Bh4 g5 11. Bg3 Nh5 12. e5 Nxg3 13. exd6 Qxd6 14. hxg3 O-O 15. Qe2 cxd4 16. cxd4 Re8 17. Nc4 Qb8 18. Nfe5 Nf6 19. Nb6 Ra7 20. Rac1 Be6 21. a4 Qd6 22. a5 Qxd4 23. Red1 Qb4 24. Ra1 Nd5 25. Nxd5 Bxd5 26. Nd7 Qd6 27. Nb6 Qe6 28. Nxd5 Qxe2 29. Bxe2 Raa8 30. Nb6 Rad8 31. Rxd8 Rxd8 32. Rd1 Rxd1+ 33. Bxd1 Bxb2 34. Bf3 Bc3 35. Bxb7 Bxa5 36. Nc4 Bc7 37. Bxa6 f5 38. Bc8 f4 39. gxf4 Bxf4 40. Be6+ Kg7 41. g3 Bc7 42. Kg2 Kf6 43. Bg4 e5 44. Nd2 Kg6 45. Ne4 h5 46. Be6 Bb6 47. f3 1-0

[Event "December 19 Early 2023"]
[Site "https://www.chess.com"]
[Date "2023.12.19"]
[Round "8"]
[White "Viskelis, Darius"]
[Black "Semenova, Alina"]
[Result "0-1"]
[Board "160"]
[TimeControl "180+1"]
[WhiteFideId "12800830"]
[BlackFideId "24113875"]
[WhiteElo "1860"]
[BlackElo "1827"]
[WhiteTeam "LTU"]
[BlackTeam "RUS"]
[WhiteClock "0:00:12"]
[BlackClock "0:00:10"]

1. e4 c6 2. d4 d5 3. exd5 cxd5 4. c4 Nf6 5. Nc3 Nc6 6. Bg5 dxc4 7. Bxc4 Qxd4 8. Qb3 Qe5+ 9. Be3 Na5 10. Bb5+ Bd7 11. Bxd7+ Nxd7 12. Qb5 a6 13. Qxe5 Nxe5 14. O-O-O e6 15. Bb6 Nac4 16. Bd4 Nc6 17. Nf3 Rd8 18. Kc2 f6 19. Kb3 b5 20. a4 Nxd4+ 21. Nxd4 Na5+ 22. Kc2 b4 23. Nxe6 Rc8 24. Rd5 Nb7 25. Nxf8 Kxf8 26. Rd7 Nc5 27. Ra7 bxc3 28. b4 Ne6 29. Rd1 h5 30. Rdd7 Rh6 31. Rxa6 Re8 32. Kxc3 f5 33. Rdd6 Rg6 34. g3 f4 35. a5 fxg3 36. fxg3 Rf6 37. Kc4 Rc8+ 38. Rac6 Rxc6+ 39. Rxc6 Ke7 40. a6 Rf1 41. Kd5 Rd1+ 42. Ke5 Re1+ 43. Kd5 Rd1+ 44. Ke5 Rb1 45. Kd5 Nd8 46. Rc7+ Ke8 47. Kc4 Rc1+ 48. Kb5 Rxc7 49. Kb6 Kd7 50. a7 Rc8 51. b5 Ra8 52. g4 hxg4 53. h3 gxh3 0-1

[Event "December 19 Early 2023"]
[Site "https://www.chess.com"]
[Date "2023.12.19"]
[Round "8"]
[White "Palmer, Reegan"]
[Black "Martin Barcelo, Carles"]
[Result "0-1"]
[Board "161"]
[TimeControl "180+1"]
[WhiteFideId "14322145"]
[BlackFideId "24561444"]
[WhiteElo "1814"]
[BlackElo "2135"]
[WhiteTeam "RSA"]
[BlackTeam "ESP"]
[WhiteClock "0:00:06"]
[BlackClock "0:01:16"]

1. e4 e6 2. Qe2 e5 3. Nf3 Nc6 4. c3 g6 5. d4 d6 6. Bg5 f6 7. Be3 Bg7 8. h4 Bg4 9. Qc2 Bxf3 10. gxf3 h5 11. Rg1 Kf7 12. Bc4+ Kf8 13. Rxg6 Nge7 14. Rg1 Bh6 15. a4 Qe8 16. Ba2 Ng6 17. Bxh6+ Rxh6 18. Qb3 Kg7 19. Qxb7 Rb8 20. Qxc7+ Kh8 21. Bf7 Qe7 22. Qxe7 Ncxe7 23. b4 Nxh4 24. Nd2 exd4 25. cxd4 Rxb4 26. Rc1 Rxd4 27. Rc7 Rxd2 28. Rxe7 Nxf3+ 29. Kf1 Rd1+ 30. Ke2 Rxg1 31. Re8+ Kg7 32. Kxf3 Kxf7 0-1

[Event "December 19 Early 2023"]
[Site "https://www.chess.com"]
[Date "2023.12.19"]
[Round "8"]
[White "Chemin, Justo Reinaldo"]
[Black "Buscar, Michael"]
[Result "0-1"]
[Board "162"]
[TimeControl "180+1"]
[WhiteFideId "2101580"]
[BlackFideId "2603616"]
[WhiteElo "1940"]
[BlackElo "2010"]
[WhiteTeam "BRA"]
[BlackTeam "CAN"]
[WhiteClock "0:00:00"]
[BlackClock "0:00:14"]

1. e4 c5 2. Nf3 Nc6 3. Nc3 Nf6 4. d3 g6 5. g3 Bg7 6. Bg2 O-O 7. O-O d6 8. h4 Nd4 9. Nxd4 cxd4 10. Ne2 Ne8 11. f4 Bg4 12. Bd2 e5 13. f5 Rc8 14. Bf3 gxf5 15. exf5 Bxf5 16. Bxb7 Bh3 17. Bg2 Bxg2 18. Kxg2 f5 19. Ng1 Qb6 20. Rb1 Qc6+ 21. Qf3 Qxf3+ 22. Nxf3 Rxc2 23. Rfc1 Rxc1 24. Rxc1 Rf7 25. Rc8 Kf8 26. Ng5 Re7 27. Nxh7+ Kg8 28. Ng5 Bf6 29. Bb4 Kg7 0-1

[Event "December 19 Early 2023"]
[Site "https://www.chess.com"]
[Date "2023.12.19"]
[Round "8"]
[White "Arshiya Das"]
[Black "Recuero Guerra, Javier"]
[Result "0-1"]
[Board "163"]
[TimeControl "180+1"]
[WhiteFideId "25652150"]
[BlackFideId "2254085"]
[WhiteElo "1481"]
[BlackElo "2208"]
[WhiteTeam "IND"]
[BlackTeam "ESP"]
[WhiteClock "0:00:53"]
[BlackClock "0:00:07"]

1. e4 c5 2. Nf3 e6 3. d3 Nc6 4. Nbd2 d5 5. g3 Nf6 6. Bg2 Be7 7. O-O O-O 8. e5 Nd7 9. Re1 Qc7 10. Qe2 b5 11. Nf1 Ba6 12. h4 Rac8 13. Bd2 b4 14. N1h2 c4 15. dxc4 dxc4 16. Ng4 Nc5 17. c3 Nd3 18. Ng5 Bxg5 19. hxg5 Nxe1 20. Nf6+ Kh8 21. Rxe1 gxf6 22. gxf6 Rg8 23. Bh6 Rg6 24. Bg7+ Kg8 25. Be4 Nxe5 26. Bxg6 Nxg6 27. Qh5 Bb7 28. f3 Qc6 29. Rf1 Qc5+ 30. Qxc5 Rxc5 31. Rd1 Rc8 32. Kf2 Bd5 33. cxb4 Rb8 34. a3 a5 35. Ra1 axb4 36. axb4 Rxb4 37. Ra5 Rxb2+ 38. Ke3 Rb8 39. Rc5 Rd8 40. f4 Nf8 41. g4 Nd7 42. Rc7 Nb6 43. g5 Nc8 44. Rc5 Nd6 45. Kd4 Nf5+ 46. Ke5 Nxg7 47. fxg7 Kxg7 48. Rc7 Kg8 49. f5 exf5 50. Kxf5 Be6+ 51. Kf6 c3 52. Rxc3 Rd5 53. Rc8+ Bxc8 54. g6 Be6 55. gxh7+ Kxh7 56. Ke7 Kg6 57. Ke8 f5 58. Ke7 Bf7 59. Kf8 f4 60. Ke7 f3 61. Kf8 f2 62. Ke7 f1=Q 63. Kf8 Be6+ 64. Ke7 Qf7# 0-1

[Event "December 19 Early 2023"]
[Site "https://www.chess.com"]
[Date "2023.12.19"]
[Round "8"]
[White "Ruge, Edison"]
[Black "Essing, Arnold"]
[Result "1-0"]
[Board "164"]
[TimeControl "180+1"]
[WhiteFideId "4401000"]
[BlackFideId "4619862"]
[WhiteElo "2175"]
[BlackElo "2257"]
[WhiteTeam "COL"]
[BlackTeam "GER"]
[WhiteClock "0:00:16"]
[BlackClock "0:00:13"]

1. e4 Nf6 2. e5 Nd5 3. c4 Nb6 4. c5 Nd5 5. Bc4 e6 6. Nc3 c6 7. d4 b6 8. cxb6 axb6 9. Qg4 f5 10. Qg3 Ba6 11. Bxa6 Nxa6 12. Nge2 Qe7 13. O-O Qf7 14. a3 Be7 15. Nxd5 cxd5 16. Bd2 O-O 17. Rac1 Rfc8 18. Qb3 Bd8 19. Qb5 Nc7 20. Qb3 Ne8 21. Bb4 f4 22. Qf3 g5 23. h3 Qf5 24. Rc3 Rxc3 25. Qxc3 h5 26. Rc1 g4 27. hxg4 hxg4 28. Qc2 Qg5 29. Bd2 Ng7 30. Bxf4 Qh4 31. Ng3 Bg5 32. Bxg5 Qxg5 33. Rd1 Rf8 34. Qd2 Qh4 35. Rc1 Nf5 36. Nxf5 Rxf5 37. Rc8+ Kg7 38. Rc7 g3 39. Rxd7+ Kg6 40. fxg3 Qxg3 41. Rd6 Rh5 42. Rxe6+ Kf7 43. Rf6+ Kg7 44. Rf3 Qh2+ 45. Kf2 Rh6 46. Rg3+ Rg6 47. Rxg6+ Kxg6 48. Qd3+ Kg7 49. Qg3+ 1-0

[Event "December 19 Early 2023"]
[Site "https://www.chess.com"]
[Date "2023.12.19"]
[Round "8"]
[White "Ernst, Luca"]
[Black "Kiseleva, Arina"]
[Result "1-0"]
[Board "165"]
[TimeControl "180+1"]
[WhiteFideId "45117055"]
[BlackFideId "4164989"]
[WhiteElo "1973"]
[BlackElo "1740"]
[WhiteTeam "FRA"]
[BlackTeam "RUS"]
[WhiteClock "0:00:56"]
[BlackClock "0:00:02"]

1. d4 Nf6 2. c4 e6 3. Nf3 Bb4+ 4. Bd2 Bxd2+ 5. Nfxd2 O-O 6. Nc3 d5 7. e3 c5 8. dxc5 d4 9. exd4 Qxd4 10. Nb3 Qh4 11. Qd4 Ng4 12. g3 Nc6 13. gxh4 Nxd4 14. Nxd4 e5 15. Ndb5 Bf5 16. h3 Nf6 17. Nd6 Be6 18. O-O-O b6 19. cxb6 axb6 20. Bg2 Ra5 21. Nd5 Rxa2 22. Nxf6+ gxf6 23. Kb1 Ra5 24. Be4 h5 25. Rd3 Rd8 26. Rhd1 Rb8 27. Bf5 Kf8 28. Bxe6 fxe6 29. Nb5 Rba8 30. Rd8+ Rxd8 31. Rxd8+ Ke7 32. Rh8 Ra4 33. b3 Rb4 34. Kb2 e4 35. Kc3 Rxb5 36. cxb5 f5 37. Rxh5 Kd6 38. Rh6 Ke5 39. Kd2 f4 40. Rh5+ Kd4 41. Rg5 e5 42. h5 e3+ 43. fxe3+ fxe3+ 44. Ke2 Ke4 45. Rxe5+ Kxe5 46. Kxe3 Kf5 47. Kd4 Kg5 48. Kd5 Kxh5 49. Kc6 Kh4 50. Kxb6 Kxh3 51. Kc7 Kg3 52. b6 Kf2 53. b7 Ke3 54. b8=Q Kd2 55. b4 1-0

[Event "December 19 Early 2023"]
[Site "https://www.chess.com"]
[Date "2023.12.19"]
[Round "8"]
[White "Papp, Petra"]
[Black "Filippova, Margarita"]
[Result "0-1"]
[Board "166"]
[TimeControl "180+1"]
[WhiteFideId "739049"]
[BlackFideId "34199680"]
[WhiteElo "2270"]
[BlackElo "1916"]
[WhiteTeam "HUN"]
[BlackTeam "RUS"]
[WhiteClock "0:00:46"]
[BlackClock "0:01:34"]

1. e4 c5 2. Nf3 Nc6 3. d4 cxd4 4. Nxd4 e5 5. Nb5 a6 6. Nd6+ Bxd6 7. Qxd6 Qe7 8. Qd2 Nf6 9. Nc3 O-O 10. Be2 Nd4 11. O-O b5 12. f4 Bb7 13. Bd3 d6 14. f5 d5 15. exd5 Bxd5 16. Nxd5 Nxd5 17. Be4 Rad8 18. c3 Nxc3 19. bxc3 Nf3+ 20. Rxf3 Rxd2 21. Bxd2 f6 22. Rd3 Rd8 23. Rxd8+ Qxd8 24. Be3 h6 25. Kf1 Qc7 26. Rc1 Qc4+ 27. Kf2 Qxe4 28. Rd1 Qxf5+ 29. Ke2 Qc2+ 30. Rd2 Qxc3 31. g3 Qc4+ 32. Kf2 Kf7 33. Rd6 Qxa2+ 34. Kf3 Qc4 35. Rxa6 Qf1+ 36. Ke4 b4 37. Rb6 b3 38. Rb7+ Kg6 39. h4 Qh1+ 0-1

[Event "December 19 Early 2023"]
[Site "https://www.chess.com"]
[Date "2023.12.19"]
[Round "8"]
[White "Quirke, Jeffrey"]
[Black "Dilmukhametov, Artur"]
[Result "0-1"]
[Board "167"]
[TimeControl "180+1"]
[WhiteFideId "2013029"]
[BlackFideId "24179922"]
[WhiteElo "2159"]
[BlackElo "2176"]
[WhiteTeam "USA"]
[BlackTeam "RUS"]
[WhiteClock "0:01:06"]
[BlackClock "0:01:30"]

1. e4 c6 2. Nf3 d5 3. d3 dxe4 4. dxe4 Qxd1+ 5. Kxd1 Bg4 6. Be2 Nd7 7. Ne1 Bxe2+ 8. Kxe2 O-O-O 9. Nd3 Ngf6 10. f3 e6 11. Be3 Kb8 12. Nd2 Bd6 13. a4 Ne5 14. a5 Nxd3 15. cxd3 Bb4 16. Nc4 Nd7 17. d4 f6 18. a6 b6 19. g4 Rhf8 20. h4 c5 21. Nd6 cxd4 0-1

[Event "December 19 Early 2023"]
[Site "https://www.chess.com"]
[Date "2023.12.19"]
[Round "8"]
[White "Brandao, Marcius Gomes"]
[Black "Limontaite, Simona"]
[Result "0-1"]
[Board "168"]
[TimeControl "180+1"]
[WhiteFideId "2124980"]
[BlackFideId "12802506"]
[WhiteElo "2095"]
[BlackElo "2092"]
[WhiteTeam "BRA"]
[BlackTeam "LTU"]
[WhiteClock "0:00:00"]
[BlackClock "0:00:04"]

1. d4 Nf6 2. c4 e6 3. Nc3 Bb4 4. f3 c5 5. d5 O-O 6. e4 Bxc3+ 7. bxc3 d6 8. Ne2 e5 9. Ng3 Re8 10. Be2 b5 11. O-O bxc4 12. Bxc4 Nbd7 13. Bb5 Qb6 14. Bc6 Bb7 15. Bxd7 Nxd7 16. Be3 Ba6 17. Rb1 Qa5 18. Rf2 Qxc3 19. Nf5 Nf8 20. Rb3 Qa5 21. Nxd6 Red8 22. Nb7 Bxb7 23. Rxb7 Ng6 24. Rfb2 c4 25. R7b5 Qc3 26. Qd2 Qa3 27. Bc5 Qa6 28. Qc3 Nf4 29. Qxc4 Qg6 30. Be3 Rac8 31. Qf1 h5 32. Bxf4 exf4 33. Rb7 a5 34. Rb1 h4 35. h3 Qf6 36. Rc1 Qd4+ 37. Kh1 Qd2 38. Rxc8 Rxc8 39. Rb1 Qxa2 40. d6 Qe6 41. Qd1 Rd8 42. Rb6 g6 43. Qd5 Qxd5 44. exd5 Kg7 45. Ra6 Kf6 46. Rxa5 Rxd6 47. Rb5 Ke5 48. Rb4 Rxd5 49. Re4+ Kf5 50. Re1 f6 51. Kg1 g5 52. Kf2 Rd2+ 53. Kg1 Rd3 54. Kf2 Ra3 55. Kg1 Ra2 56. Kf1 Kg6 57. Kg1 f5 58. Re6+ Kf7 59. Re1 g4 0-1

[Event "December 19 Early 2023"]
[Site "https://www.chess.com"]
[Date "2023.12.19"]
[Round "8"]
[White "Nikulina, Alena"]
[Black "Petrukhina, Olga"]
[Result "0-1"]
[Board "169"]
[TimeControl "180+1"]
[WhiteFideId "4172051"]
[BlackFideId "13703935"]
[WhiteElo "1627"]
[BlackElo "1991"]
[WhiteTeam "RUS"]
[BlackTeam "KAZ"]
[WhiteClock "0:00:02"]
[BlackClock "0:00:07"]

1. e4 e6 2. d4 d5 3. exd5 exd5 4. c4 Nf6 5. Nc3 dxc4 6. Bxc4 Bd6 7. Nf3 O-O 8. O-O h6 9. Re1 a6 10. h3 Nc6 11. Be3 b5 12. Bb3 Na5 13. Bc2 Nc4 14. Rb1 Bb7 15. b3 Na3 16. Rc1 Nxc2 17. Qxc2 Re8 18. Qd1 Ba3 19. Rc2 Ne4 20. Nxe4 Bxe4 21. Ne5 Bxc2 22. Qxc2 Bd6 23. Qf5 Bxe5 24. dxe5 Qc8 25. Qe4 Qe6 26. f4 Rad8 27. Bd4 Qd5 28. Qxd5 Rxd5 29. Be3 f6 30. Rc1 fxe5 31. Rxc7 exf4 32. Bxf4 Rd4 33. Bg3 Re2 34. Rc8+ Kh7 35. Rc6 Rd1+ 36. Kh2 Rdd2 37. Bf4 Rxg2+ 38. Kh1 Rxa2 39. Be5 Rg6 40. Rc7 Re2 41. Bd4 Re1+ 42. Kh2 Re2+ 43. Kh1 Rd2 44. Bc3 Rd1+ 45. Kh2 Rc1 46. Be5 Rxc7 47. Bxc7 Rc6 48. Be5 Re6 49. Bd4 Re4 50. Bc5 Re2+ 51. Kg3 a5 52. b4 Rb2 53. bxa5 Ra2 54. Bb6 b4 55. Kf3 b3 56. Bd4 b2 57. Bxb2 Rxb2 58. a6 Ra2 59. a7 Rxa7 60. Kf4 Rf7+ 0-1

[Event "December 19 Early 2023"]
[Site "https://www.chess.com"]
[Date "2023.12.19"]
[Round "8"]
[White "Fernandez Sanchez, Mario Andres"]
[Black "Navyblue1"]
[Result "1-0"]
[Board "170"]
[TimeControl "180+1"]
[WhiteFideId "6501621"]
[WhiteElo "2050"]
[BlackElo "2079"]
[WhiteTeam "CRC"]
[WhiteClock "0:00:31"]
[BlackClock "0:00:04"]

1. d4 Nf6 2. Nc3 d5 3. Bf4 c6 4. e3 b5 5. Bd3 g6 6. h4 Bg7 7. a3 Nbd7 8. Nf3 a5 9. Ne5 Nxe5 10. Bxe5 O-O 11. h5 Nxh5 12. Rxh5 gxh5 13. Qxh5 f5 14. O-O-O Qe8 15. Qh2 Qg6 16. g4 Bxe5 17. dxe5 Kh8 18. Rg1 Qf7 19. g5 Qg6 20. Ne2 c5 21. Nf4 Qg7 22. g6 h6 23. Nh5 c4 24. Nxg7 Kxg7 25. Be2 Be6 26. f4 b4 27. Rh1 Rh8 28. Qh4 Ra7 29. Kd2 Rb7 30. axb4 axb4 31. Ra1 b3 32. c3 Rd7 33. Ra6 Bg8 34. e6 Rc7 35. Bf3 Kxg6 36. Ke2 Kg7 37. Bxd5 Bh7 38. Rb6 Bg6 39. Rb7 Rhc8 40. Rxc7 Rxc7 41. Kf3 Bh7 42. e4 fxe4+ 43. Bxe4 Bxe4+ 44. Kxe4 Kg6 45. f5+ Kg7 46. Qg4+ Kf8 47. Qg6 Rc5 48. Qxh6+ 1-0

[Event "December 19 Early 2023"]
[Site "https://www.chess.com"]
[Date "2023.12.19"]
[Round "8"]
[White "Dominguez Rincon, Miller Duvan"]
[Black "Kohler, Aran"]
[Result "0-1"]
[Board "171"]
[TimeControl "180+1"]
[WhiteFideId "4406583"]
[BlackFideId "1002856"]
[WhiteElo "1960"]
[BlackElo "2280"]
[WhiteTeam "COL"]
[BlackTeam "NED"]
[WhiteClock "0:00:00"]
[BlackClock "0:00:43"]

1. e4 g6 2. d4 Bg7 3. Nc3 d6 4. f3 a6 5. Be3 Nd7 6. Qd2 e5 7. Nge2 h6 8. O-O-O g5 9. Kb1 Ne7 10. h4 gxh4 11. Rxh4 Ng6 12. Rh1 h5 13. Ng3 h4 14. Nf5 Bf6 15. Nd5 Rh5 16. g4 Rh7 17. Qc3 c6 18. Nxd6+ Kf8 19. Nxf6 Qxf6 20. dxe5 Ngxe5 21. Nxc8 Rxc8 22. f4 Nxg4 23. Qb4+ c5 24. Qe1 Nxe3 25. Qxe3 Nb6 26. Bh3 Re8 27. Qb3 Rxe4 28. Rhe1 Rb4 29. Qa3 Nc4 0-1